TOP OF THE 1ST |
Madison Bombers batting - Pitching for Pocatello Boccabellas : RHP Edgardo Martínez
|
Pitching: RHP Edgardo Martínez
|
|
Batting: LHB Keith Tillman
|
0-0: Ground out 4-3 (Groundball, 4)
|
Batting: RHB Sergio Márquez
|
0-0: Ball 1-0: Called Strike 1-1: Ball 2-1: Ball 3-1: Fly out, F8 (Line Drive, 8RM)
|
Batting: LHB Seung-chun Mun
|
0-0: Called Strike 0-1: Swinging Strike 0-2: Ball 1-2: Foul Ball, location: 2F 1-2: Ball 2-2: Ball 3-2: Foul Ball, location: 2F 3-2: Ground out 6-3 (Groundball, 6)
|
Top of the 1st over - 0 run(s), 0 hit(s), 0 error(s), 0 left on base; Madison 0 - Pocatello 0 |
BOTTOM OF THE 1ST |
Pocatello Boccabellas batting - Pitching for Madison Bombers : RHP Claudio Segura
|
Pitching: RHP Claudio Segura
|
|
Batting: LHB David Monahan
|
0-0: Swinging Strike 0-1: Called Strike 0-2: Ball 1-2: Fly out, F4 (Popup, 34D)
|
Batting: RHB Jeremy Carr
|
0-0: Ball 1-0: DOUBLE (Flyball, 89M)
|
Batting: RHB Francisco Sandoval
|
0-0: Foul Ball, location: 2F 0-1: Fly out, F3 (Popup, 3)
|
Batting: LHB José Feliciano
|
0-0: Ball 1-0: Ball 2-0: Foul Ball, location: 2F 2-1: Ball 3-1: Called Strike 3-2: Ground out 4-3 (Groundball, 4)
|
Bottom of the 1st over - 0 run(s), 1 hit(s), 0 error(s), 1 left on base; Madison 0 - Pocatello 0 |
TOP OF THE 2ND |
Madison Bombers batting - Pitching for Pocatello Boccabellas : RHP Edgardo Martínez
|
Batting: LHB Sixto Cantú
|
0-0: Foul Ball, location: 2F 0-1: Ground out 1-3 (Groundball, 15)
|
Batting: SHB Michael McDonald
|
0-0: Ball 1-0: Ground out U3 (Groundball, 3L)
|
Batting: LHB José Santos
|
0-0: Called Strike 0-1: Foul Ball, location: 2F 0-2: Ground out 4-3 (Groundball, 4)
|
Top of the 2nd over - 0 run(s), 0 hit(s), 0 error(s), 0 left on base; Madison 0 - Pocatello 0 |
BOTTOM OF THE 2ND |
Pocatello Boccabellas batting - Pitching for Madison Bombers : RHP Claudio Segura
|
Batting: RHB Enrique Mendoza
|
0-0: Swinging Strike 0-1: Swinging Strike 0-2: Ball 1-2: Ball 2-2: Strikes out looking
|
Batting: RHB Ramiro Ross
|
0-0: Ball 1-0: Called Strike 1-1: Foul Ball, location: 2F 1-2: Ball 2-2: Ball 3-2: SOLO HOME RUN (Flyball, 7D), Distance : 395 ft
|
Batting: RHB Aaron Holt
|
0-0: Called Strike 0-1: SINGLE (Flyball, 6MD)
|
Batting: RHB Clyde Kelley
|
0-0: Ball 1-0: Called Strike 1-1: Ball 2-1: Foul Ball, location: 2F 2-2: Foul Ball, location: 2F 2-2: Ball Aaron Holt steals 2nd base 3-2: Foul Ball, location: 2F 3-2: Base on Balls
|
Batting: LHB Jesús Ramírez
|
0-0: Swinging Strike 0-1: Fly out, F3 (Popup, 4MS)
|
Batting: LHB David Monahan
|
0-0: Ball 1-0: Ball 2-0: Called Strike 2-1: Foul Ball, location: 2F 2-2: SINGLE (Groundball, 4MD) Aaron Holt to third Clyde Kelley to second Runner from 3rd tries for Home, SAFE, no throw or cutoff
|
Batting: RHB Jeremy Carr
|
0-0: Ball 1-0: Fly out, F6 (Popup, 6D)
|
Bottom of the 2nd over - 2 run(s), 3 hit(s), 0 error(s), 2 left on base; Madison 0 - Pocatello 2 |
TOP OF THE 3RD |
Madison Bombers batting - Pitching for Pocatello Boccabellas : RHP Edgardo Martínez
|
Batting: SHB Derek Roach
|
0-0: Called Strike 0-1: Ball 1-1: Foul Ball, location: 2F 1-2: Ball 2-2: Ball 3-2: Foul Ball, location: 2F 3-2: SOLO HOME RUN (Flyball, 9D), Distance : 397 ft
|
Batting: LHB Robin Hill
|
0-0: Ball 1-0: Called Strike 1-1: Ground out 6-3 (Groundball, 6)
|
Batting: RHB Edward Franks
|
0-0: Called Strike 0-1: Called Strike 0-2: Foul Ball, location: 2F 0-2: Ball 1-2: Strikes out swinging
|
Batting: LHB Keith Tillman
|
0-0: Fly out, F2 (Popup, 2RF)
|
Top of the 3rd over - 1 run(s), 1 hit(s), 0 error(s), 0 left on base; Madison 1 - Pocatello 2 |
BOTTOM OF THE 3RD |
Pocatello Boccabellas batting - Pitching for Madison Bombers : RHP Claudio Segura
|
Batting: RHB Francisco Sandoval
|
0-0: Ball 1-0: Ball 2-0: Ball 3-0: Base on Balls
|
Batting: LHB José Feliciano
|
0-0: SINGLE (Flyball, 8LS) Francisco Sandoval to second Runner from 2nd tries for 3rd, SAFE, throw made to third
|
Batting: RHB Enrique Mendoza
|
0-0: Ball 1-0: Ball 2-0: Ball 3-0: Called Strike 3-1: Swinging Strike 3-2: Strikes out looking
|
Batting: RHB Ramiro Ross
|
0-0: Foul Ball, location: 2F 0-1: Ball 1-1: Ball 2-1: Foul Ball, location: 2F 2-2: Foul Ball, location: 2F 2-2: Ball 3-2: Strikes out swinging
|
Batting: RHB Aaron Holt
|
0-0: Ball 1-0: Fly out, F6 (Popup, 6D)
|
Bottom of the 3rd over - 0 run(s), 1 hit(s), 0 error(s), 2 left on base; Madison 1 - Pocatello 2 |
TOP OF THE 4TH |
Madison Bombers batting - Pitching for Pocatello Boccabellas : RHP Edgardo Martínez
|
Batting: RHB Sergio Márquez
|
0-0: Ball 1-0: Called Strike 1-1: Ball 2-1: Called Strike 2-2: Ball 3-2: DOUBLE (Line Drive, 7LS)
|
Batting: LHB Seung-chun Mun
|
0-0: Ball 1-0: Called Strike 1-1: Ball 2-1: Swinging Strike 2-2: Ball 3-2: Strikes out swinging
|
Batting: LHB Sixto Cantú
|
0-0: Ball 1-0: Ball 2-0: Foul Ball, location: 2F 2-1: Ground out 3-1 (Groundball, 3) Sergio Márquez to third
|
Batting: SHB Michael McDonald
|
0-0: Ball 1-0: Ground out U3 (Groundball, 3)
|
Top of the 4th over - 0 run(s), 1 hit(s), 0 error(s), 1 left on base; Madison 1 - Pocatello 2 |
BOTTOM OF THE 4TH |
Pocatello Boccabellas batting - Pitching for Madison Bombers : RHP Claudio Segura
|
Batting: RHB Clyde Kelley
|
0-0: Ball 1-0: Ground out 4-3 (Groundball, 4)
|
Batting: LHB Jesús Ramírez
|
0-0: Ball 1-0: Called Strike 1-1: Fly out, F7 (Flyball, 78M)
|
Batting: LHB David Monahan
|
0-0: Called Strike 0-1: Ball 1-1: Ball 2-1: Ball 3-1: Foul Ball, location: 2F 3-2: Base on Balls
|
Batting: RHB Jeremy Carr
|
0-0: Swinging Strike 0-1: Ground out 4-3 (Groundball, 4)
|
Bottom of the 4th over - 0 run(s), 0 hit(s), 0 error(s), 1 left on base; Madison 1 - Pocatello 2 |
TOP OF THE 5TH |
Madison Bombers batting - Pitching for Pocatello Boccabellas : RHP Edgardo Martínez
|
Pitching: RHP Mike Pierce
|
|
Batting: LHB José Santos
|
0-0: Called Strike 0-1: Ball 1-1: Foul Ball, location: 2F 1-2: Foul Ball, location: 2F 1-2: Ball 2-2: Ball 3-2: SINGLE (Groundball, 34D) (infield hit)
|
Batting: SHB Derek Roach
|
0-0: Swinging Strike 0-1: SINGLE (Line Drive, 8LS) José Santos to second
|
Batting: LHB Robin Hill
|
0-0: Foul Ball, location: 2F 0-1: Foul Ball, location: 2F 0-2: Ground out 5-3 (Groundball, 5) José Santos to third Derek Roach to second
|
Batting: RHB Edward Franks
|
0-0: Swinging Strike 0-1: Ground out 6-3 (Groundball, 6)
|
Batting: LHB Keith Tillman
|
0-0: Ball 1-0: Ball 2-0: Fly out, F4 (Line Drive, 4)
|
Top of the 5th over - 0 run(s), 2 hit(s), 0 error(s), 2 left on base; Madison 1 - Pocatello 2 |
BOTTOM OF THE 5TH |
Pocatello Boccabellas batting - Pitching for Madison Bombers : RHP Claudio Segura
|
Pitching: RHP Manny Canseco
|
|
Batting: RHB Francisco Sandoval
|
0-0: Ball 1-0: SOLO HOME RUN (Flyball, 8LXD), Distance : 434 ft
|
Batting: LHB José Feliciano
|
0-0: Called Strike 0-1: Called Strike 0-2: Ball 1-2: Ground out 6-3 (Groundball, 56)
|
Batting: RHB Enrique Mendoza
|
0-0: Ball 1-0: Swinging Strike 1-1: Fly out, F6 (Line Drive, 6)
|
Batting: RHB Ramiro Ross
|
0-0: Fly out, F7 (Flyball, 7M)
|
Bottom of the 5th over - 1 run(s), 1 hit(s), 0 error(s), 0 left on base; Madison 1 - Pocatello 3 |
TOP OF THE 6TH |
Madison Bombers batting - Pitching for Pocatello Boccabellas : RHP Mike Pierce
|
Batting: RHB Sergio Márquez
|
0-0: Ball 1-0: Foul Ball, location: 2F 1-1: Ball 2-1: Foul Ball, location: 2F 2-2: Foul Ball, location: 2F 2-2: Ball 3-2: Base on Balls
|
Batting: LHB Seung-chun Mun
|
0-0: Called Strike 0-1: Called Strike 0-2: SINGLE (Flyball, 78S) Sergio Márquez to second
|
Batting: LHB Sixto Cantú
|
0-0: SINGLE (Line Drive, 7LS) Sergio Márquez to third Seung-chun Mun to second
|
Batting: SHB Michael McDonald
|
0-0: Swinging Strike 0-1: Swinging Strike 0-2: Ball 1-2: Ball 2-2: Fly out, F8 (Popup, 4MD)
|
Batting: LHB José Santos
|
0-0: Ball 1-0: SINGLE (Line Drive, 56) Sergio Márquez scores Seung-chun Mun to third Sixto Cantú to second
|
Batting: SHB Derek Roach
|
0-0: Foul Ball, location: 2F 0-1: Foul Ball, location: 2F 0-2: Foul Ball, location: 2F 0-2: Fly out, F9 (Line Drive, 9S)
|
Batting: LHB Robin Hill
|
0-0: Fly out, F5 (Popup, 5F)
|
Top of the 6th over - 1 run(s), 3 hit(s), 0 error(s), 3 left on base; Madison 2 - Pocatello 3 |
BOTTOM OF THE 6TH |
Pocatello Boccabellas batting - Pitching for Madison Bombers : RHP Manny Canseco
|
Batting: RHB Aaron Holt
|
0-0: Fly out, F8 (Flyball, 8LM)
|
Batting: RHB Clyde Kelley
|
0-0: Ball 1-0: Ball 2-0: Ball 3-0: Called Strike 3-1: Foul Ball, location: 2F 3-2: Fly out, F9 (Popup, 8RS)
|
Batting: LHB Jesús Ramírez
|
0-0: Ball 1-0: Fly out, F5 (Popup, 5DF)
|
Bottom of the 6th over - 0 run(s), 0 hit(s), 0 error(s), 0 left on base; Madison 2 - Pocatello 3 |
TOP OF THE 7TH |
Madison Bombers batting - Pitching for Pocatello Boccabellas : RHP Mike Pierce
|
Pitching: RHP Jesse Moser
|
|
Batting: RHB Edward Franks
|
0-0: Ball 1-0: Fly out, F6 (Line Drive, 6)
|
Pinch Hitting: RHB Pablo Gonzáles
|
0-0: Ball 1-0: Ball 2-0: Foul Ball, location: 2F 2-1: Foul Ball, location: 2F 2-2: Ball 3-2: Foul Ball, location: 2F 3-2: Foul Ball, location: 2F 3-2: Ground out 1-3 (Groundball, 25)
|
Pinch Hitting: LHB Avery Hopkins
|
0-0: Ball 1-0: Fly out, F2 (Popup, 2LF)
|
Top of the 7th over - 0 run(s), 0 hit(s), 0 error(s), 0 left on base; Madison 2 - Pocatello 3 |
BOTTOM OF THE 7TH |
Pocatello Boccabellas batting - Pitching for Madison Bombers : RHP Manny Canseco
|
Pitching: RHP Gregg Lewis
|
|
Now at 3B: Bailey Ramsey
|
|
Now at SS: Quinton Martínez
|
|
Pinch Hitting: LHB Juan Cortés
|
0-0: Ball 1-0: Called Strike 1-1: Ball 2-1: Swinging Strike 2-2: Ball 3-2: Foul Ball, location: 2F 3-2: Base on Balls
|
Pinch Hitting: RHB Marlon Phipps
|
0-0: Bunted foul 0-1: Sac Bunt - play at first, batter OUT! 1-4 Juan Cortés to second
|
Batting: LHB Norberto Muñóz
|
0-0: Intentional Walk
|
Batting: LHB José Feliciano
|
0-0: 3-RUN HOME RUN (Flyball, 9D), Distance : 384 ft
|
Pitching: LHP Tim Wilson
|
|
Pinch Hitting: SHB Esteban Silva
|
0-0: Called Strike 0-1: Ball 1-1: Foul Ball, location: 2F 1-2: Foul Ball, location: 2F 1-2: Ground out 6-3 (Groundball, 6)
|
Pinch Hitting: RHB Sugita Ito
|
0-0: Swinging Strike 0-1: Ball 1-1: Ball 2-1: Called Strike 2-2: Foul Ball, location: 2F 2-2: Ball 3-2: Base on Balls
|
Pinch Hitting: RHB Keith Kirkpatrick
|
0-0: Foul Ball, location: 2F 0-1: Fly out, F9 (Flyball, 9S)
|
Bottom of the 7th over - 3 run(s), 1 hit(s), 0 error(s), 1 left on base; Madison 2 - Pocatello 6 |
TOP OF THE 8TH |
Madison Bombers batting - Pitching for Pocatello Boccabellas : RHP Jesse Moser
|
Now at 1B: Marlon Phipps
|
|
Now at 3B: Sugita Ito
|
|
Now in LF: Keith Kirkpatrick
|
|
Now in CF: Pete Carter
|
|
Now in RF: Juan Cortés
|
|
Pinch Hitting: RHB Vicente Aguirre
|
0-0: Called Strike 0-1: Foul Ball, location: 2F 0-2: Ball 1-2: Strikes out swinging
|
Pinch Hitting: LHB John Latham
|
0-0: Ball 1-0: SINGLE (Groundball, 5D)
|
Batting: RHB Miguel Hernández
|
0-0: Swinging Strike 0-1: Ball 1-1: Foul Ball, location: 2F 1-2: Foul Ball, location: 2F 1-2: Ball 2-2: Strikes out looking
|
Batting: LHB José Santos
|
0-0: Ball 1-0: Fly out, F8 (Flyball, 89XD)
|
Top of the 8th over - 0 run(s), 1 hit(s), 0 error(s), 1 left on base; Madison 2 - Pocatello 6 |
BOTTOM OF THE 8TH |
Pocatello Boccabellas batting - Pitching for Madison Bombers : LHP Tim Wilson
|
Now at 1B: Vicente Aguirre
|
|
Now in RF: John Latham
|
|
Pinch Hitting: RHB José Delgado
|
0-0: Foul Ball, location: 2F 0-1: Ball 1-1: Ball 2-1: Ball 3-1: Foul Ball, location: 2F 3-2: Base on Balls
|
Pinch Hitting: RHB Pedro Guzmán
|
0-0: Sac Bunt - play at first, batter OUT! 1-3 José Delgado to second
|
Batting: LHB Juan Cortés
|
0-0: Fly out, F7 (Flyball, 78XD) Runner from 2nd tags up, SAFE at 3rd, no throw
|
Batting: RHB Marlon Phipps
|
0-0: Ball 1-0: Called Strike 1-1: Ball 2-1: Ball 3-1: Swinging Strike 3-2: Base on Balls
|
Batting: LHB Norberto Muñóz
|
0-0: Foul Ball, location: 2F 0-1: Ball 1-1: Called Strike 1-2: Ball 2-2: Strikes out swinging
|
Bottom of the 8th over - 0 run(s), 0 hit(s), 0 error(s), 2 left on base; Madison 2 - Pocatello 6 |
TOP OF THE 9TH |
Madison Bombers batting - Pitching for Pocatello Boccabellas : RHP Jesse Moser
|
Pitching: RHP Ching-wei Zi
|
|
Now at 2B: José Delgado
|
|
Now at 3B: Pedro Guzmán
|
|
Pinch Hitting: RHB Spencer Johnston
|
0-0: Called Strike 0-1: Ball 1-1: Ball 2-1: Called Strike 2-2: Ball 3-2: Foul Ball, location: 2F 3-2: Fly out, F9 (Flyball, 9LD)
|
Batting: LHB Robin Hill
|
0-0: Called Strike 0-1: Ball 1-1: Ball 2-1: Ball 3-1: Foul Ball, location: 2F 3-2: Fly out, F9 (Flyball, 9M)
|
Batting: RHB Edward Franks
|
0-0: Ball 1-0: Ball 2-0: Swinging Strike 2-1: Called Strike 2-2: DOUBLE (Line Drive, 7LM)
|
Batting: RHB Bailey Ramsey
|
0-0: Foul Ball, location: 2F 0-1: Called Strike 0-2: Ball 1-2: Strikes out looking
|
Top of the 9th over - 0 run(s), 1 hit(s), 0 error(s), 1 left on base; Madison 2 - Pocatello 6 |
|